Map: [ESL] Waterfall

Players

PureLegacy - Winner!

  • Race: Terran Terran
  • Spawn Location: 1:00

Reaper

  • Race: Zerg Zerg
  • Spawn Location: 7:00

Event: DreamHack SC2 Masters 2022 Atlanta (Online)

VOD

Have the link to the VOD?

Description

Time

  • Played on: Oct. 7, 2022, 5:44 p.m.
  • Length: 8:35

All games in this series

Show
View Real Time Build Order
Export as new Build Order

PureLegacy Terran - Winner!

Build Orders: Reaper Expand 

Get SALT Encoding   

  12  0:00  SCV  
  13  0:12  SCV  
  14  0:17  Supply Depot  
  14  0:25  SCV  
  15  0:38  SCV  
  15  0:40  Barracks  
  16  0:44  Refinery  
  16  0:50  SCV  
  17  1:02  SCV  
  18  1:14  SCV  
  19  1:28  Reaper, Orbital Command  
  20  1:42  Command Center  
  20  1:50  Supply Depot  
  20  1:54  SCV  
  20  2:00  Marine  
  22  2:07  SCV  
  23  2:10  Factory  
  23  2:15  Refinery  
  23  2:22  Barracks Reactor  
  23  2:23  SCV  
  24  2:35  SCV  
  25  2:47  SCV  
  26  2:55  Orbital Command  
  26  2:59  SCV  
  26  3:02  Starport  
  26  3:04  Hellion x2  
  31  3:11  SCV  
  32  3:15  Barracks Tech Lab  
  32  3:17  Supply Depot  
  32  3:21  SCV  
  33  3:31  SCV  
  36  3:34  Hellion x2, SCV  
  36  3:37  Stimpack  
  36  3:39  Viking  
  41  3:43  SCV  
  41  3:45  Supply Depot  
  42  3:49  SCV  
  42  3:50  Marine  
  44  4:01  Hellion x2, SCV  
  44  4:02  SCV  
  50  4:13  SCV  
  50  4:14  SCV  
  52  4:22  Command Center  
  52  4:25  SCV  
  52  4:26  SCV, Starport Reactor  
  54  4:32  Marine  
  54  4:37  SCV  
  56  4:39  SCV  
  56  4:41  Widow Mine  
  56  4:43  Barracks x2  
  56  4:45  Supply Depot  
  59  4:49  SCV  
  58  5:04  SCV  
  59  5:08  Marine  
  59  5:10  SCV  
  59  5:12  Engineering Bay  
  59  5:13  Engineering Bay  
  59  5:16  SCV  
  58  5:21  Starport Reactor  
  58  5:25  Widow Mine  
  58  5:26  Marine  
  58  5:27  SCV  
  61  5:30  SCV  
  61  5:32  Marine x2  
  61  5:33  Combat Shield  
  58  5:37  Orbital Command  
  58  5:38  Barracks  
  58  5:39  Missile Turret  
  58  5:40  Barracks, Missile Turret x2  
  58  5:44  Marine x3  
  58  5:46  Missile Turret  
  61  5:50  Marine x2  
  61  5:52  Terran Infantry Armor Level 1, Terran Infantry Weapons Level 1  
  60  5:57  SCV  
  60  5:58  SCV  
  60  6:02  Marine  
  62  6:04  SCV  
  62  6:09  SCV  
  62  6:10  Marine x3  
  62  6:11  Medivac, Marine  
  67  6:12  Medivac  
  71  6:20  Factory Tech Lab, Marine  
  71  6:23  Supply Depot  
  71  6:26  Barracks Reactor x2  
  71  6:28  Marine x3  
  71  6:30  Marine  
  75  6:38  Marine  
  75  6:39  Missile Turret  
  76  6:43  Medivac x2  
  76  6:44  SCV  
  76  6:45  SCV  
  76  6:46  Marine x3  
  86  6:47  Supply Depot  
  86  6:51  Missile Turret  
  83  6:56  Marine x2  
  83  6:59  SCV x2, Orbital Command  
  87  7:02  Refinery  
  87  7:03  Refinery  
  87  7:04  Marine x3  
  87  7:05  Marine x2  
  87  7:07  Marine  
  93  7:13  Marine x2  
  93  7:14  Missile Turret  
  94  7:16  Marine  
  94  7:20  Siege Tank  
  94  7:21  SCV, Marine x2  
  94  7:22  SCV  
  102  7:24  Supply Depot  
  102  7:25  SCV  
  103  7:31  Armory  
  103  7:33  Marine  
  103  7:35  Bunker  
  103  7:39  SCV x2  
  103  7:40  Marine  
  103  7:41  Marine x5  
  108  7:45  SCV  
  108  7:46  Marine x2  
  108  7:51  SCV  
  112  7:54  SCV  
  112  7:56  Supply Depot  
  112  7:57  SCV  
  114  8:01  Marine x3  
  114  8:05  Supply Depot  
  117  8:18  SCV x2  
Show
View Real Time Build Order
Export as new Build Order

Reaper Zerg 

Build Orders: Hatch First 

Get SALT Encoding   

  12  0:00  Drone  
  13  0:13  Overlord  
  13  0:17  Drone  
  14  0:31  Drone x2  
  16  0:49  Hatchery  
  15  0:52  Drone  
  15  0:56  Drone  
  17  1:00  Drone  
  18  1:06  Extractor  
  17  1:16  Spawning Pool  
  16  1:19  Drone  
  16  1:22  Drone  
  18  1:29  Drone  
  19  1:41  Drone  
  20  1:50  Overlord  
  20  2:03  Queen x2  
  20  2:04  Zergling x4  
  26  2:11  Metabolic Boost  
  26  2:13  Drone  
  26  2:15  Drone  
  28  2:23  Drone x2  
  30  2:36  Drone, Overlord  
  30  2:45  Lair  
  30  2:47  Extractor  
  29  2:56  Drone x4  
  33  3:05  Overlord  
  33  3:06  Drone  
  33  3:10  Drone x2  
  36  3:13  Drone x3  
  38  3:34  Drone x2  
  38  3:35  Drone x3  
  38  3:37  Extractor  
  38  3:38  Extractor  
  41  3:45  Spire  
  41  3:47  Zergling x2  
  41  3:48  Zergling x6  
  44  3:50  Queen  
  44  3:52  Drone  
  47  3:56  Overseer  
  47  3:58  Drone  
  48  4:09  Drone x4  
  52  4:13  Overlord  
  52  4:18  Overlord  
  52  4:24  Overlord  
  52  4:36  Overlord  
  52  4:37  Drone  
  52  4:38  Drone x2  
  53  4:58  Mutalisk x5  
  58  5:02  Mutalisk x2  
  55  5:08  Mutalisk  
  54  5:15  Evolution Chamber  
  47  5:24  Drone x5  
  47  5:26  Mutalisk  
  46  5:38  Drone x2  
  48  5:42  Queen  
  48  5:44  Drone  
  48  5:47  Drone  
  52  5:57  Drone  
  52  5:58  Drone  
  54  6:12  Drone x4  
  54  6:18  Queen, Drone x2  
  62  6:27  Drone  
  62  6:30  Hatchery  
  62  6:31  Mutalisk  
  64  6:33  Overlord  
  64  6:34  Drone  
  65  6:41  Drone x3  
  68  6:51  Overlord  
  68  6:52  Baneling Nest  
  67  6:54  Drone  
  69  7:01  Drone  
  69  7:03  Drone x3  
  72  7:09  Overlord  
  72  7:16  Mutalisk x2  
  72  7:18  Baneling Nest  
  72  7:19  Mutalisk  
  77  7:26  Overlord  
  77  7:27  Mutalisk  
  79  7:30  Zergling x6  
  79  7:35  Zergling x6  
  85  7:41  Mutalisk  
  87  7:45  Zergling x4  
  89  7:53  Drone x2  
  89  7:56  Baneling x2  
  91  7:59  Baneling x2  
  91  8:00  Drone x4  
  95  8:09  Mutalisk  
  95  8:11  Zergling x6  
  100  8:14  Baneling x2  
Tags
 
Add a new tag
Caveats
  • Supply blocks, unpowered buildings, or Contaminate may cause inaccurate times.
  • Supply counts are checked every 10 seconds.